MLB
LOS ANGELES ANGELS @ DETROIT TIGERS
05/09/2019
 
TOP OF THE 1ST
Los Angeles Angels batting - Pitching for Detroit Tigers : RHP Mike Clevinger
Pitching: RHP Mike Clevinger
Batting: LHB Kevin Kiermaier 0-0: Called Strike
0-1: Ball
1-1: Ball
2-1: Ball
3-1: Bunt for hit to 15 - play at first, batter OUT! 1-3
Batting: LHB Nick Markakis 0-0: Ball
1-0: Ball
2-0: Foul Ball, location: 2F
2-1: Called Strike
2-2: Ball
3-2: Strikes out swinging
Batting: RHB Wil Myers 0-0: Swinging Strike
0-1: Foul Ball, location: 2F
0-2: Ball
1-2: Ball
2-2: Ball
3-2: Foul Ball, location: 2F
3-2: Base on Balls
Batting: RHB Trevor Story 0-0: Ball
1-0: Ball
2-0: TRIPLE (Line Drive, 78XD, EV 109.4 MPH)
Wil Myers scores
Batting: RHB Wilmer Flores 0-0: Ball
1-0: Ball
2-0: Called Strike
2-1: Swinging Strike
2-2: Ball
3-2: Foul Ball, location: 2F
3-2: Fly out, F7 (Flyball, 7D, EV 91.3 MPH)
Top of the 1st over - 1 run, 1 hit, 0 errors, 1 left on base; Los Angeles 1 - Detroit 0
BOTTOM OF THE 1ST
Detroit Tigers batting - Pitching for Los Angeles Angels : LHP Tyler Anderson
Pitching: LHP Tyler Anderson
Batting: RHB Jean Segura 0-0: Ball
1-0: Called Strike
1-1: Called Strike
1-2: Fly out, F8 (Flyball, 8LD, EV 101.3 MPH)
Batting: RHB Starling Marte 0-0: Ball
1-0: Fly out, F8 (Flyball, 89D, EV 100.6 MPH)
Batting: RHB Khris Davis 0-0: Ball
1-0: Called Strike
1-1: Ball
2-1: Fly out, F9 (Flyball, 9, EV 86.9 MPH)
Bottom of the 1st over - 0 runs, 0 hits, 0 errors, 0 left on base; Los Angeles 1 - Detroit 0
TOP OF THE 2ND
Los Angeles Angels batting - Pitching for Detroit Tigers : RHP Mike Clevinger
Batting: LHB Joey Wendle 0-0: Ball
1-0: Ball
2-0: Called Strike
2-1: Foul Ball, location: 2F
2-2: Ground out 3-1 (Groundball, 34, EV 89.4 MPH)
Batting: RHB Evan Longoria 0-0: Fly out, F2 (Popup, 2RF, EV 85.6 MPH)
Batting: RHB Kevin Pillar 0-0: SOLO HOME RUN (Line Drive, 8LXD, EV 109.4 MPH), Distance : 450 ft
Batting: RHB Mike Zunino 0-0: Ball
1-0: Foul Ball, location: 2F
1-1: Fly out, F8 (Flyball, 8LD, EV 81.9 MPH)
Top of the 2nd over - 1 run, 1 hit, 0 errors, 0 left on base; Los Angeles 2 - Detroit 0
BOTTOM OF THE 2ND
Detroit Tigers batting - Pitching for Los Angeles Angels : LHP Tyler Anderson
Batting: RHB J.T. Realmuto 0-0: SINGLE (Line Drive, 89S, EV 98.8 MPH)
Batting: SHB Kendrys Morales 0-0: Ball
1-0: Ball
2-0: Foul Ball, location: 2F
2-1: Ball
3-1: Fly out, F8 (Flyball, 8RM, EV 91.3 MPH)
Batting: LHB Corey Dickerson 0-0: Swinging Strike
0-1: Foul Ball, location: 2F
Balk!
J.T. Realmuto to second
0-2: Ball
1-2: Strikes out looking
Batting: RHB J.D. Davis 0-0: Ball
1-0: Called Strike
1-1: Foul Ball, location: 2F
1-2: Ground out 5-3 (Groundball, 56S, EV 71.9 MPH)
Bottom of the 2nd over - 0 runs, 1 hit, 0 errors, 1 left on base; Los Angeles 2 - Detroit 0
TOP OF THE 3RD
Los Angeles Angels batting - Pitching for Detroit Tigers : RHP Mike Clevinger
Batting: LHB Kevin Kiermaier 0-0: Swinging Strike
0-1: Ball
1-1: Ball
2-1: Swinging Strike
2-2: Fly out, F9 (Line Drive, 9, EV 105.6 MPH)
Batting: LHB Nick Markakis 0-0: Ball
1-0: Called Strike
1-1: Ground out 4-3 (Groundball, 4, EV 86.3 MPH)
Batting: RHB Wil Myers 0-0: Fly out, F7 (Flyball, 78S, EV 85.0 MPH)
Top of the 3rd over - 0 runs, 0 hits, 0 errors, 0 left on base; Los Angeles 2 - Detroit 0
BOTTOM OF THE 3RD
Detroit Tigers batting - Pitching for Los Angeles Angels : LHP Tyler Anderson
Batting: LHB Kolten Wong 0-0: SINGLE (Groundball, 6MD, EV 103.8 MPH)
Batting: LHB Greg Garcia 0-0: Called Strike
0-1: Ball
1-1: Grounds into double play, 5-4-3 (Groundball, 56, EV 83.8 MPH)
Batting: RHB Jean Segura 0-0: Ball
1-0: Called Strike
1-1: Ball
2-1: Ball
3-1: Base on Balls
Batting: RHB Starling Marte 0-0: Called Strike
0-1: Called Strike
0-2: Foul Ball, location: 2F
0-2: Ball
Jean Segura steals 2nd base
1-2: Fly out, F8 (Flyball, 8RD, EV 103.1 MPH)
Bottom of the 3rd over - 0 runs, 1 hit, 0 errors, 1 left on base; Los Angeles 2 - Detroit 0
TOP OF THE 4TH
Los Angeles Angels batting - Pitching for Detroit Tigers : RHP Mike Clevinger
Batting: RHB Trevor Story 0-0: Ground out 6-3 (Groundball, 56, EV 106.9 MPH)
Batting: RHB Wilmer Flores 0-0: Ball
1-0: Ball
2-0: SINGLE (Flyball, 78S, EV 91.3 MPH) - OUT at second base trying to stretch hit.
Batting: LHB Joey Wendle 0-0: Called Strike
0-1: Foul Ball, location: 2F
0-2: Strikes out looking
Top of the 4th over - 0 runs, 1 hit, 0 errors, 0 left on base; Los Angeles 2 - Detroit 0
BOTTOM OF THE 4TH
Detroit Tigers batting - Pitching for Los Angeles Angels : LHP Tyler Anderson
Batting: RHB Khris Davis 0-0: Hit by Pitch
Batting: RHB J.T. Realmuto 0-0: Fielders Choice at 2nd, 6-4 (Groundball, 6, EV 82.5 MPH)
Batting: SHB Kendrys Morales 0-0: Called Strike
0-1: Foul Ball, location: 2F
0-2: Ball
Passed Ball!
J.T. Realmuto to second
1-2: Fly out, F7 (Flyball, 78D, EV 96.9 MPH)
Runner from 2nd tags up, SAFE at 3rd with throw by LF
Batting: LHB Corey Dickerson 0-0: Ball
1-0: Foul Ball, location: 2F
1-1: Swinging Strike
1-2: Strikes out looking
Bottom of the 4th over - 0 runs, 0 hits, 0 errors, 1 left on base; Los Angeles 2 - Detroit 0
TOP OF THE 5TH
Los Angeles Angels batting - Pitching for Detroit Tigers : RHP Mike Clevinger
Batting: RHB Evan Longoria 0-0: Called Strike
0-1: Ball
1-1: Ball
2-1: Ball
3-1: Base on Balls
Batting: RHB Kevin Pillar 0-0: SINGLE (Flyball, 9LM, EV 96.9 MPH)
Evan Longoria to second
Batting: RHB Mike Zunino 0-0: DOUBLE (Line Drive, 9LD, EV 113.8 MPH)
Evan Longoria scores
Kevin Pillar to third
Batting: LHB Kevin Kiermaier 0-0: Fly out, F9 (Flyball, 9LS, EV 90.6 MPH)
Runner from 3rd tags up, SCORES, throw by RF
Batting: LHB Nick Markakis 0-0: Ball
1-0: Swinging Strike
1-1: Ball
2-1: Fly out, F7 (Flyball, 78S, EV 88.1 MPH)
Batting: RHB Wil Myers 0-0: Swinging Strike
0-1: Called Strike
0-2: Ball
1-2: Ball
2-2: SINGLE (Flyball, 89M, EV 92.5 MPH) - OUT at second base trying to stretch hit.
Mike Zunino scores
Top of the 5th over - 3 runs, 3 hits, 0 errors, 0 left on base; Los Angeles 5 - Detroit 0
BOTTOM OF THE 5TH
Detroit Tigers batting - Pitching for Los Angeles Angels : LHP Tyler Anderson
Batting: RHB J.D. Davis 0-0: Ball
1-0: Called Strike
1-1: Called Strike
1-2: Strikes out looking
Batting: LHB Kolten Wong 0-0: Swinging Strike
0-1: Called Strike
0-2: Ground out 1-3 (Groundball, 13S, EV 70.0 MPH)
Batting: LHB Greg Garcia 0-0: Called Strike
0-1: Fly out, F9 (Flyball, 9, EV 85.0 MPH)
Bottom of the 5th over - 0 runs, 0 hits, 0 errors, 0 left on base; Los Angeles 5 - Detroit 0
TOP OF THE 6TH
Los Angeles Angels batting - Pitching for Detroit Tigers : RHP Mike Clevinger
Batting: RHB Trevor Story 0-0: SOLO HOME RUN (Flyball, 7D, EV 90.0 MPH), Distance : 378 ft
Pitching: RHP Brian Ellington
Batting: RHB Wilmer Flores 0-0: Ball
1-0: Ball
2-0: Swinging Strike
2-1: Foul Ball, location: 2F
2-2: Foul Ball, location: 2F
2-2: Ball
3-2: Base on Balls
Batting: LHB Joey Wendle 0-0: Foul Ball, location: 2F
0-1: Foul Ball, location: 2F
0-2: Ball
1-2: Ball
2-2: Ball
3-2: Strikes out swinging
Batting: RHB Evan Longoria 0-0: Swinging Strike
Wilmer Flores is caught stealing 2nd base 2-4
0-1: Foul Ball, location: 2F
0-2: Strikes out swinging
Top of the 6th over - 1 run, 1 hit, 0 errors, 0 left on base; Los Angeles 6 - Detroit 0
BOTTOM OF THE 6TH
Detroit Tigers batting - Pitching for Los Angeles Angels : LHP Tyler Anderson
Batting: RHB Jean Segura 0-0: Ground out 1-3 (Groundball, 34S, EV 90.0 MPH)
Batting: RHB Starling Marte 0-0: Ground out 6-3 (Groundball, 6D, EV 104.4 MPH)
Batting: RHB Khris Davis 0-0: Ball
1-0: Called Strike
1-1: Swinging Strike
1-2: Ball
2-2: Strikes out looking
Bottom of the 6th over - 0 runs, 0 hits, 0 errors, 0 left on base; Los Angeles 6 - Detroit 0
TOP OF THE 7TH
Los Angeles Angels batting - Pitching for Detroit Tigers : RHP Brian Ellington
Batting: RHB Kevin Pillar 0-0: Called Strike
0-1: Ball
1-1: Called Strike
1-2: Ball
2-2: Strikes out swinging
Batting: RHB Mike Zunino 0-0: Ball
1-0: Ball
2-0: Ball
3-0: Base on Balls
Batting: LHB Kevin Kiermaier 0-0: 2-RUN HOME RUN (Flyball, 89XD, EV 91.3 MPH), Distance : 434 ft
Batting: LHB Nick Markakis 0-0: Swinging Strike
0-1: Ball
1-1: Foul Ball, location: 2F
1-2: Ball
2-2: Fly out, F5 (Popup, 25F, EV 88.1 MPH)
Batting: RHB Wil Myers 0-0: Ball
1-0: Called Strike
1-1: Foul Ball, location: 2F
1-2: Strikes out swinging
Top of the 7th over - 2 runs, 1 hit, 0 errors, 0 left on base; Los Angeles 8 - Detroit 0
BOTTOM OF THE 7TH
Detroit Tigers batting - Pitching for Los Angeles Angels : LHP Tyler Anderson
Batting: RHB J.T. Realmuto 0-0: Called Strike
0-1: SINGLE (Flyball, 78S, EV 90.0 MPH)
Pinch Hitting: RHB Ryon Healy 0-0: Fly out, F8 (Flyball, 8LM, EV 87.5 MPH)
Pinch Hitting: RHB Jake Marisnick 0-0: Called Strike
0-1: Ball
1-1: Ball
2-1: Fielders Choice at 2nd, 4-6 (Groundball, 34, EV 85.0 MPH)
Batting: RHB J.D. Davis 0-0: Ball
1-0: Called Strike
Jake Marisnick is caught stealing 2nd base 2-4
Bottom of the 7th over - 0 runs, 1 hit, 0 errors, 0 left on base; Los Angeles 8 - Detroit 0
TOP OF THE 8TH
Los Angeles Angels batting - Pitching for Detroit Tigers : RHP Brian Ellington
Pitching: LHP Tyler Lyons
Now at 1B: Ryon Healy
Now in LF: Jake Marisnick
Batting: RHB Trevor Story 0-0: Called Strike
0-1: Ball
1-1: Ball
2-1: Foul Ball, location: 2F
2-2: Ball
3-2: Foul Ball, location: 2F
3-2: Strikes out swinging
Batting: RHB Wilmer Flores 0-0: Ball
1-0: SINGLE (Flyball, 6D, EV 87.5 MPH)
Batting: LHB Joey Wendle 0-0: Ball
1-0: SINGLE (Line Drive, 7LS, EV 103.8 MPH)
Wilmer Flores to second
Batting: RHB Evan Longoria 0-0: Ball
1-0: Foul Ball, location: 2F
1-1: Ball
2-1: Foul Ball, location: 2F
2-2: Ball
3-2: Foul Ball, location: 2F
3-2: Strikes out swinging
Batting: RHB Kevin Pillar 0-0: Ball
1-0: Called Strike
1-1: Ball
2-1: Foul Ball, location: 2F
2-2: Strikes out swinging
Top of the 8th over - 0 runs, 2 hits, 0 errors, 2 left on base; Los Angeles 8 - Detroit 0
BOTTOM OF THE 8TH
Detroit Tigers batting - Pitching for Los Angeles Angels : LHP Tyler Anderson
Batting: RHB J.D. Davis 0-0: Ball
1-0: Called Strike
1-1: Called Strike
1-2: Strikes out swinging
Batting: LHB Kolten Wong 0-0: Swinging Strike
0-1: Foul Ball, location: 2F
0-2: Ball
1-2: Ball
2-2: Ball
3-2: Base on Balls
Batting: LHB Greg Garcia 0-0: Grounds into double play, 4-6-3 (Groundball, 4, EV 80.6 MPH)
Bottom of the 8th over - 0 runs, 0 hits, 0 errors, 0 left on base; Los Angeles 8 - Detroit 0
TOP OF THE 9TH
Los Angeles Angels batting - Pitching for Detroit Tigers : LHP Tyler Lyons
Batting: RHB Mike Zunino 0-0: Called Strike
0-1: Foul Ball, location: 2F
0-2: Ground out 5-3 (Groundball, 5L, EV 108.1 MPH)
Batting: LHB Kevin Kiermaier 0-0: Called Strike
0-1: Ball
1-1: Swinging Strike
1-2: Ball
2-2: Strikes out swinging
Batting: LHB Nick Markakis 0-0: Foul Ball, location: 2F
0-1: Ball
1-1: Ball
2-1: Ball
3-1: Foul Ball, location: 2F
3-2: Foul Ball, location: 2F
3-2: Strikes out swinging
Top of the 9th over - 0 runs, 0 hits, 0 errors, 0 left on base; Los Angeles 8 - Detroit 0
BOTTOM OF THE 9TH
Detroit Tigers batting - Pitching for Los Angeles Angels : LHP Tyler Anderson
Batting: RHB Jean Segura 0-0: Called Strike
0-1: Ball
1-1: Fly out, F8 (Line Drive, 8RM, EV 98.1 MPH)
Batting: RHB Starling Marte 0-0: Ground out 5-3 (Groundball, 5L, EV 80.0 MPH)
Batting: RHB Khris Davis 0-0: Ball
1-0: Fly out, F9 (Flyball, 89D, EV 91.9 MPH)
Bottom of the 9th over - 0 runs, 0 hits, 0 errors, 0 left on base; Los Angeles 8 - Detroit 0
Sunday, August 11th, 2019 - OOTP Baseball 20.6 Build 54